 Dungeon Crawl Stone Soup version 0.28-a0-1080-g05a166d0ed (webtiles) character file.

Game seed: 1502290470974565842

413 ytrimaz the Insei (level 6, -3/41 HPs)
             Began as an Octopode Transmuter on Dec 10, 2021.
             Was an Initiate of Ashenzari.
             Slain by an ogre (25 damage)
             ... on level 4 of the Dungeon.
             The game lasted 00:05:48 (3841 turns).

ytrimaz the Insei (Octopode Transmuter)             Turns: 3841, Time: 00:05:48

Health: -3/41      AC:  2    Str:  9    XL:     6   Next: 91%
Magic:  2/11       EV: 19    Int: 18    God:    Ashenzari [......]
Gold:   154        SH:  0    Dex: 17    Spells: 6/12 levels left

rFire   . . .      SeeInvis .     - Unarmed
rCold   + . .      Faith    .   (shield currently unavailable)
rNeg    . . .      Spirit   .   (helmet currently unavailable)
rPois   x          Reflect  .   f - amulet of regeneration
rElec   .          Harm     .   c - ring of protection from cold
rCorr   .          Rampage  .   (no ring)
Will    .....                   (no ring)
Stlth   ++........              (no ring)
HPRegen 0.93/turn               (no ring)
MPRegen 0.12/turn               (no ring)
                                (no ring)
                                (no ring)

@: spider-form (expiring), very slightly contaminated
A: venomous fangs, almost no armour, (amphibious), 8 rings, tiny, (camouflage
1), (gelatinous body 1), (nimble swimmer 1), (tentacles)
a: End Transformation, Renounce Religion


You were on level 4 of the Dungeon.
You worshipped Ashenzari.
Ashenzari was noncommittal.
You were a venomous arachnid creature.
You visited 2 branches of the dungeon, and saw 5 of its levels.

You collected 154 gold pieces.

Inventory:

Jewellery
 c - a ring of protection from cold (left front leg)
 f - an amulet of regeneration (around neck)
Scrolls
 e - a scroll of identify
 g - a scroll of amnesia {unknown}
Potions
 a - a potion of attraction
 b - a potion of curing
 d - a potion of haste
 i - a potion of heal wounds


   Skills:
 * Level 2.7 Fighting
 - Level 2.0 Dodging
 + Level 4.8 Unarmed Combat
 * Level 3.9 Spellcasting
 * Level 3.6 Transmutations
 + Level 1.0 Poison Magic


You had 6 spell levels left.
You knew the following spells:

 Your Spells              Type           Power      Damage    Failure   Level
a - Beastly Appendage     Tmut           32%        N/A       11%         1
b - Wereblood             Tmut           16%        N/A       14%         2
c - Spider Form           Tmut/Pois      11%        N/A       36%         3

Your spell library contained the following spells:

 Spells                   Type           Power      Damage    Failure   Level
 Slow                     Hex            12%        N/A       34%         1
 Confusing Touch          Hex            3%         N/A       63%         3
 Vampiric Draining        Necr           3%         2d6       63%         3
 Ice Form                 Ice/Tmut       10%        N/A       77%         4
 Yara's Violent Unravell  Hex/Tmut       5%         3d4       97%         5


Dungeon Overview and Level Annotations

Branches:
Dungeon (4/15)             Temple (1/1) D:4

Altars:
Ashenzari
Cheibriados
Dithmenos
Fedhas
Nemelex Xobeh
Okawaru
Qazlal
Sif Muna
Trog
Uskayaw
Yredelemnul

Annotations:
D:3 3 runed translucent doors, freelancePsychic's ghost, amateur DsBr


Innate Abilities, Weirdness & Mutations

You are a venomous arachnid creature.
You have poisonous fangs.
You are tiny and dextrous.
Your spellcasting is less reliable in this form.
Your armour is entirely melded.
You are incapable of wielding weapons or throwing items.
You cannot wear most types of armour.
((You are amphibious.))
You can wear up to eight rings at the same time.
((Your skin changes colour to match your surroundings (Stealth+).))
((Your rubbery body absorbs attacks. (AC +1, EV +1)))
((You are camouflaged near water. (Stealth+)))
((You have tentacles for arms and can constrict up to eight enemies at once.))


Message History

The spell is quite dangerous to miscast (17% risk of failure)!
Continue anyway?
You miscast Spider Form.
You are very lightly contaminated with residual magic.
Strange energies run through your body. The giant cockroach closely misses you.
Unknown command.
Casting: Spider Form (quite dangerous; 17% risk of failure)
Confirm with . or Enter, or press ? or * to list all spells.
The spell is quite dangerous to miscast (17% risk of failure)!
Continue anyway?
You turn into a venomous arachnid creature.
The giant cockroach misses you.
The giant cockroach bites you but does no damage.
Casting: Spider Form (quite dangerous; 36% risk of failure)
Confirm with . or Enter, or press ? or * to list all spells.
You miscast Wereblood.
Nothing appears to happen.
The giant cockroach misses you.
Unknown command.
Casting: Wereblood (safe; 14% risk of failure)
Confirm with . or Enter, or press ? or * to list all spells.
You miscast Wereblood.
Nothing appears to happen.
The giant cockroach barely misses you.
Unknown command.
You bite the giant cockroach!
You kill the giant cockroach!
The ogre misses you.
You hit the ogre.
The ogre is poisoned.
The ogre is lightly wounded.
Your transformation is almost over.
The ogre barely misses you.
You hit the ogre.
The ogre is moderately wounded.
The ogre hits you with a +0 giant spiked club!!
Ouch! That really hurt!
You hit the ogre.
The ogre looks as sick as possible!
The ogre is heavily wounded.
Unknown command.
You hit the ogre but do no damage.
The ogre is heavily wounded.
The ogre hits you with a +0 giant spiked club!!
Ouch! That really hurt!
You die...

....#<.#.#.......##...###########
....#..#.#...<...#...#..# ***
#'######.#.##.####..#...######*,,
#......>.........#.#.........#*,,
#######..##.#.#####......###.####
###..............##^.............
....#.......#.####.......###.##..
#####.#######.####.......# #..#.#
#####.##........sO.......# ##.#.#
....#.##.####.###........# *(..#
....#.##.#......#........# *#..#
)...#.##.##.#...#........# #..#
....+..#.##.#####........# ##.#
....####.##.....#........# #..
....####.##..##.#........# ###.#
##........#..##.#)######## #....
#........#..##.#)# #.#..


You could see an ogre (extremely poisoned).

Vanquished Creatures
  An ogre (D:2)
  A scorpion (D:3)
  An iguana (D:4)
  A hound skeleton (D:4)
  9 adders
  7 gnolls
  An ufetubus (D:3)
  An adder skeleton (D:4)
  A worm (D:2)
  2 dart slugs (D:4)
  7 orcs (D:3)
  3 endoplasms
  3 giant cockroaches
  4 goblins
  4 hobgoblins
  3 jackals (D:4)
  4 kobolds
  5 quokkas
  7 ball pythons
  3 bats
  2 frilled lizards (D:1)
  10 rats
80 creatures vanquished.

Notes
Turn   | Place    | Note
-------+----------+-------------------------------------------
     0 | D:1      | ytrimaz the Octopode Transmuter began the quest for the
                  | Orb.
     0 | D:1      | Reached XP level 1. HP: 13/13 MP: 3/3
   275 | D:1      | Reached XP level 2. HP: 13/18 MP: 5/5
   951 | D:2      | Reached XP level 3. HP: 14/23 MP: 4/6
  1102 | D:2      | Learned a level 2 spell: Wereblood
  1106 | D:2      | Learned a level 3 spell: Spider Form
  1157 | D:2      | Noticed an ogre
  1168 | D:2      | Killed an ogre
  1169 | D:2      | Reached skill level 4 in Unarmed Combat
  1169 | D:2      | Reached XP level 4. HP: 9/29 MP: 4/8
  1554 | D:2      | Reached XP level 5. HP: 22/34 MP: 9/9
  2680 | D:3      | Reached XP level 6. HP: 39/39 MP: 5/11
  2737 | D:3      | Found a bloodstained altar of Trog.
  3068 | D:3      | Found a runed translucent gate.
  3068 | D:3      | Found a runed translucent gate.
  3069 | D:3      | Found a runed translucent gate.
  3071 | D:3      | Noticed freelancePsychic's ghost (amateur DsBr)
  3293 | D:4      | Found a staircase to the Ecumenical Temple.
  3308 | Temple   | Entered the Ecumenical Temple
  3397 | Temple   | Became a worshipper of Ashenzari the Shackled
  3436 | D:4      | Reached skill level 1 in Poison Magic
  3841 | D:4      | Slain by an ogre

Illustrated notes

Levels and vault maps discovered:
D:1:      dpeg_arrival_court, layout_rooms
D:2:      layout_basic
D:3:      layout_basic, mainiacjoe_overflow_brackets, gammafunk_ghost_necromancy
D:4:      layout_basic, nicolae_overflow_hidden_temple,
          minmay_temple_entry_statues_fountains, hangedman_decor_slide_cut,
          uniq_robin
Temple:   compressed_dpeg_circular_temple

Skill      XL: |  1  2  3  4  5  6 |
---------------+-------------------+-----
Unarmed Combat | 4 |  4.8
Spellcasting   | 3 |  3.9
Fighting       | 2 |  2.7
Transmutations | 3 |  3.6
Poison Magic   | 1 |  1.0
Dodging        | |  2.0

Action                   |  1- 3 |  4- 6 || total
-------------------------+-------+-------++-------
Melee: Unarmed           |    49 |   145 ||   194
       Constrict         |    15 |    31 ||    46
       Kick              |     7 |     3 ||    10
       Tentacles         |     7 |    19 ||    26
       Punch             |     2 |     4 ||     6
 Cast: Beastly Appendage |     7 |     3 ||    10
       Spider Form       |     1 |     4 ||     5
       Wereblood         |       |     5 ||     5
  Use: Potion            |     2 |     1 ||     3
       Scroll            |       |     7 ||     7
 Stab: Sleeping          |     2 |     7 ||     9
Armor: Skin              |     5 |     6 ||    11
Dodge: Dodged            |    40 |   110 ||   150

Table legend: (Time is in decaauts)
 A = Elapsed time spent in this place.
 B = Non-inter-level travel time spent in this place.
 C = Inter-level travel time spent in this place.
 D = Time resting spent in this place.
 E = Time spent auto-exploring this place.
 F = Levels seen in this place.
 G = Mean time per level.
                   A        B        C        D        E       F      G
               +--------+--------+--------+--------+--------+-----+--------+
         Total |   3825 |   3741 |     84 |    531 |   2483 |   5 |  765.0 |
       Dungeon |   3725 |   3650 |     75 |    531 |   2404 |   4 |  931.2 |
        Temple |     99 |     90 |      9 |      0 |     79 |   1 |   99.0 |
               +--------+--------+--------+--------+--------+-----+--------+

Top non-repeatable levels by time:
     D:2: 1262 daAuts
     D:3: 1121 daAuts
     D:1: 873 daAuts
     D:4: 468 daAuts
  Temple: 99 daAuts
